 Dungeon Crawl Stone Soup version 0.18.1-8-gdd0e5ea (webtiles) character file.

1068 nikopol the Skirmisher (level 8, -2/71 HPs)
             Began as a Minotaur Fighter on May 23, 2016.
             Slain by an ice beast (13 damage)
             ... on level 5 of the Dungeon.
             The game lasted 00:08:12 (4255 turns).

nikopol the Skirmisher (Minotaur Fighter)           Turns: 4255, Time: 00:08:12

Health: -2/71      AC:  9    Str: 22    XL:     8   Next: 7%
Magic:  7/7        EV:  8    Int:  5    God:
Gold:   151        SH: 10    Dex: 11    Spells: 0 memorised, 7 levels left

rFire  . . .     SeeInvis .     a - +0 trident
rCold  . . .     Gourm    .     b - +0 scale mail
rNeg   . . .     Faith    .     c - +0 shield
rPois  .         Spirit   .     (helmet restricted)
rElec  .         Dismiss  .     (no cloak)
rCorr  .         Reflect  .     u - +0 pair of gloves
SustAt +         Harm     .     (no boots)
MR     .....     Rnd*Tele +     (no amulet)
Stlth  ..........               n - ring of teleportation (curse)
                                e - ring of sustain attributes

@: not resistant to hostile enchantments, extremely unstealthy
A: retaliatory headbutt, horns 2
a: no special abilities


You were on level 5 of the Dungeon.
You were not hungry.

You visited 1 branch of the dungeon, and saw 5 of its levels.

You collected 151 gold pieces.

Inventory:

Hand Weapons
 a - a +0 trident (weapon)
Armour
 b - a +0 scale mail (worn)
 c - a +0 shield (worn)
 u - a +0 pair of gloves (worn)
Jewellery
 e - a ring of sustain attributes (left hand)
 n - a cursed ring of teleportation (right hand)
 p - an uncursed amulet of the gourmand {unknown}
 B - an uncursed ring of positive energy {unknown}
Wands
 D - a wand of flame (18/48)
Scrolls
 d - 2 scrolls of amnesia {unknown}
 g - 2 scrolls of identify {unknown}
 i - 2 scrolls of remove curse {unknown}
 k - 2 scrolls of enchant weapon {unknown}
 m - 2 scrolls of magic mapping {unknown}
 q - a scroll of random uselessness {unknown}
 t - 2 scrolls of recharging {unknown}
 y - a scroll of immolation {unknown}
 z - a scroll of noise {unknown}
Potions
 h - 5 potions of curing {unknown}
 l - 6 potions of lignification {unknown}
 o - 3 potions of brilliance {unknown}
 r - a potion of flight {unknown}
 v - 2 potions of resistance
 w - a potion of agility {unknown}
 x - a potion of beneficial mutation {unknown}
 A - a potion of heal wounds {unknown}
Comestibles
 f - 4 bread rations
 j - 2 beef jerkies
 s - 2 slices of pizza


   Skills:
 + Level 6.7 Fighting
 + Level 6.1 Polearms
 + Level 6.5 Armour
 + Level 6.7 Shields


You had 7 spell levels left.
You didn't know any spells.

Dungeon Overview and Level Annotations

Branches:
Dungeon (5/15)             Temple (0/1) D:5

Altars:
Nemelex Xobeh
Qazlal
Sif Muna
Vehumet
Yredelemnul

Shops:
D:4 }

Annotations:
D:4 Grinder


Innate Abilities, Weirdness & Mutations

You reflexively headbutt those who attack you in melee.
You have a pair of horns on your head.


Message History

You miss the quasit.
The quasit is moderately wounded.
The ice beast closely misses you. You furiously retaliate!
You headbutt the ice beast!
The quasit bites you but does no damage.
The quasit closely misses you.
The quasit claws you but does no damage.
You barely miss the quasit. Your headbutt misses the quasit.
The quasit is moderately wounded.
You block the ice beast's attack. The quasit bites you.
* * * LOW HITPOINT WARNING * * *
The quasit claws you but does no damage. x2
You closely miss the quasit. Your headbutt misses the quasit.
The quasit is moderately wounded.
The quasit closely misses you.
The quasit claws you but does no damage. x2
The ice beast hits you.
* * * LOW HITPOINT WARNING * * *
The ice beast freezes you!
You die...

#(.##
#...#
#...#
#...#
##...#
#....#
#....#
#..Y.#
##.@##
#.5#
.....
.......#
#+###...#
#...#
#..##
#..#


You could see an ice beast and a quasit.

Vanquished Creatures
  Sigmund (D:2)
  The ghost of ThereIsNoGod the Skirmisher, an amateur GrFi (D:4)
  Duvessa (D:4)
  3 ogres
  Dowan (D:4)
  A scorpion (D:4)
  A hound (D:4)
  Ijyb (D:2)
  An iguana (D:4)
  Natasha (twice) (D:4)
  2 orc wizards (D:5)
  2 worker ants (D:4)
  Robin (D:4)
  2 adders
  A shadow imp (D:5)
  2 oozes
  5 worms
  A dart slug (D:4)
  2 giant geckos
  7 orcs
  2 giant cockroaches
  15 goblins
  7 hobgoblins
  5 kobolds
  A quokka (D:2)
  2 bats
  4 giant newts
  A quokka skeleton (D:4)
  6 rats
81 creatures vanquished.

Vanquished Creatures (others)
  A giant gecko skeleton (D:4)
  7 toadstools (D:1)
8 creatures vanquished.

Grand Total: 89 creatures vanquished

Notes
Turn   | Place    | Note
--------------------------------------------------------------
     0 | D:1      | nikopol the Minotaur Fighter began the quest for the Orb.
     0 | D:1      | Reached XP level 1. HP: 19/19 MP: 0/0
   386 | D:1      | Reached XP level 2. HP: 27/27 MP: 1/1
   947 | D:2      | Noticed Sigmund
   956 | D:2      | Killed Sigmund
   956 | D:2      | Reached XP level 3. HP: 21/35 MP: 2/2
   956 | D:2      | Reached XP level 4. HP: 25/41 MP: 3/3
   956 | D:2      | Reached XP level 5. HP: 28/47 MP: 4/4
  1081 | D:2      | Noticed Ijyb
  1094 | D:2      | Killed Ijyb
  1094 | D:2      | Reached skill level 5 in Fighting
  1198 | D:2      | Found a sparkling altar of Nemelex Xobeh.
  1606 | D:3      | Noticed an ogre
  1613 | D:3      | Killed an ogre
  1613 | D:3      | Reached skill level 5 in Armour
  1613 | D:3      | Reached skill level 5 in Shields
  1613 | D:3      | Reached XP level 6. HP: 8/56 MP: 5/5
  2408 | D:4      | Noticed Robin
  2416 | D:4      | Killed Robin
  2444 | D:4      | Found a stormy altar of Qazlal.
  2585 | D:4      | Found a radiant altar of Vehumet.
  2884 | D:4      | Noticed ThereIsNoGod's ghost (amateur GrFi)
  2900 | D:4      | Killed ThereIsNoGod's ghost
  2900 | D:4      | Reached skill level 5 in Polearms
  2900 | D:4      | Reached XP level 7. HP: 48/62 MP: 6/6
  2973 | D:4      | Found a deep blue altar of Sif Muna.
  2976 | D:4      | Found a basalt altar of Yredelemnul.
  3004 | D:4      | Noticed Duvessa
  3004 | D:4      | Noticed Dowan
  3019 | D:4      | Killed Duvessa
  3029 | D:4      | Killed Dowan
  3045 | D:4      | Noticed Grinder
  3063 | D:4      | Paralysed by Grinder for 6 turns
  3563 | D:4      | Found Gagume's Gadget Shop.
  3643 | D:4      | Noticed Natasha
  3649 | D:4      | Killed Natasha
  3803 | D:4      | Noticed Natasha
  3810 | D:4      | Killed Natasha
  3845 | D:4      | Reached XP level 8. HP: 67/71 MP: 7/7
  3865 | D:4      | Paralysed by Grinder for 4 turns
  4175 | D:5      | Entered Level 5 of the Dungeon
  4175 | D:5      | Found a staircase to the Ecumenical Temple.
  4255 | D:5      | Slain by an ice beast

Skill      XL: |  1  2  3  4  5  6  7 |
---------------+----------------------+-----
Fighting       | 4 5 6 |  6.7
Polearms       | 3 4 5 6 |  6.1
Armour         | 4 5 6 |  6.5
Shields        | 4 5 6 |  6.7

Action                   |  1- 3 |  4- 6 |  7- 9 || total
-------------------------+-------+-------+-------++-------
Melee: Trident           |    36 |   180 |   138 ||   354
       Headbutt          |     4 |    29 |    20 ||    53
  Use: Potion            |     1 |       |       ||     1
 Stab: Distracted        |     1 |       |       ||     1
  Eat: Chunk             |       |     7 |     4 ||    11
Armor: Scale mail        |     9 |    42 |    54 ||   105
Dodge: Dodged            |    10 |    39 |    41 ||    90
Block: Shield            |     7 |    55 |    59 ||   121
